 Dungeon Crawl Stone Soup version 0.26.1-11-gd32895ea62 (webtiles) character file.

Game seed: 182040665808177923

431 Descartes the Blocker (level 7, -4/52 HPs)
             Began as a Formicid Fighter on June 12, 2021.
             Splashed by a jelly's acid (8 damage)
             ... on level 2 of the Dungeon.
             The game lasted 00:04:52 (1976 turns).

Descartes the Blocker (Formicid Fighter)            Turns: 1976, Time: 00:04:54

Health: -4/52      AC:  0    Str: 20    XL:     7   Next: 19%
Magic:  7/7        EV:  7    Int: 10    God:
Gold:   58         SH: 16    Dex: 10    Spells: 6/6 levels left

rFire    + . .     SeeInvis +   a - +0 long sword
rCold    . . .     Faith    .   n - +0 tower shield
rNeg     + . .     Spirit   .   s - +2 scale mail {rF+}
rPois    .         Reflect  .   (helmet unavailable)
rElec    .         Harm     .   (no cloak)
rCorr    .         Rampage  .   j - +2 pair of gloves
Will     .....                  (no boots)
Stlth    ..........             (no amulet)
HPRegen  0.17/turn              f - ring of positive energy
MPRegen  0.10/turn              (no ring)

@: corroded
A: permanent stasis, dig shafts and tunnels, four strong arms, antennae 3
a: Dig, Shaft Self


You were on level 2 of the Dungeon.
You visited 1 branch of the dungeon, and saw 2 of its levels.

You collected 58 gold pieces.

Inventory:

Hand Weapons
 a - a +0 long sword (weapon)
Missiles
 k - 39 stones
 l - 55 arrows
 m - 18 bolts
 q - a throwing net
 r - 6 atropa-tipped darts
 u - 24 sling bullets
Armour
 j - a +2 pair of gloves (worn)
 n - a +0 tower shield (worn)
 s - a +2 scale mail of fire resistance (worn)
Jewellery
 f - a ring of positive energy (left hand)
Scrolls
 b - a scroll of enchant weapon {unknown}
 c - a scroll of identify {unknown}
 o - 2 scrolls of teleportation {unknown}
 t - a scroll of remove curse {unknown}
 v - a scroll of enchant armour {unknown}
 w - a scroll of blinking {unknown}
Potions
 d - 2 potions of might
 e - a potion of mutation {unknown}
 g - a potion of invisibility {unknown}
 h - 2 potions of attraction {unknown}
 i - 2 potions of berserk rage {unknown}
 p - a potion of cancellation {unknown}


   Skills:
 - Level 3.2 Fighting
 - Level 2.0 Long Blades
 - Level 3.2 Armour
 + Level 9.1 Shields


You had 6 spell levels left.
You didn't know any spells.
Your spell library was empty.

Dungeon Overview and Level Annotations

Branches:
Dungeon (2/15)

Altars:


Innate Abilities, Weirdness & Mutations

You cannot be hasted, slowed, berserked, paralysed or teleported.
You can dig through walls and to a lower floor.
Your four strong arms can wield two-handed weapons with a shield.
You have a pair of large antennae on your head. (SInv)


Message History

You are too injured to fight recklessly!
You are too injured to fight recklessly!
You are too injured to fight recklessly!
You are too injured to fight recklessly!
You are too injured to fight recklessly!
You are too injured to fight recklessly!
Your shield prevents you from hitting the jelly.
The jelly is moderately wounded.
You block the jelly's attack.
You hit the jelly. The acid corrodes you!
Your hands burn!
The jelly is moderately wounded.
The jelly hits you.
You are splashed with acid!
* * * LOW HITPOINT WARNING * * *
You slash the jelly! The acid corrodes you!
Your hands burn!
* * * LOW HITPOINT WARNING * * *
The jelly is almost dead.
The jelly hits you.
* * * LOW HITPOINT WARNING * * *
You are splashed with acid!
You die...

##########
###.###
$÷...P÷..#
#))....
÷..P.....#
#)#.###
....÷....#
#)#.#
.P.÷.....#
#)#.#
.........#
#.#.#
.....J..÷#
#.#.#
#######J#
#.#.#
##)....@##
#######.#.#
#.########
#.........###
##..'....#
#######......
####....#
#.#####
#.......# #.#
#.......# #.#
#.......# #.#
#.......# #.#
##.....#####
#.#


You could see a jelly.

Vanquished Creatures
  Sigmund (D:2)
  An ice beast (D:2)
  A jelly (D:2)
  Terence (D:2)
  Robin (D:2)
  An adder (D:2)
  7 oozes (D:2)
  A worm (D:2)
  2 dart slugs (D:1)
  A leopard gecko (D:1)
  6 giant cockroaches
  13 goblins
  8 hobgoblins
  A ball python (D:1)
  5 bats
  4 frilled lizards
  13 kobolds
  4 rats (D:1)
71 creatures vanquished.

Vanquished Creatures (others)
  4 fungi (D:2)
  10 toadstools (D:2)
14 creatures vanquished.

Grand Total: 85 creatures vanquished

Notes
Turn   | Place    | Note
-------+----------+-------------------------------------------
     0 | D:1      | Descartes the Formicid Fighter began the quest for the Orb.
     0 | D:1      | Reached XP level 1. HP: 18/18 MP: 1/1
    26 | D:1      | Reached skill level 4 in Shields
    32 | D:1      | Reached XP level 2. HP: 24/24 MP: 2/2
   264 | D:1      | Reached XP level 3. HP: 28/29 MP: 3/3
   402 | D:1      | Reached skill level 5 in Shields
  1061 | D:2      | Reached XP level 4. HP: 35/35 MP: 4/4
  1070 | D:2      | Noticed Sigmund
  1087 | D:2      | Killed Sigmund
  1088 | D:2      | Reached skill level 7 in Shields
  1088 | D:2      | Reached XP level 5. HP: 11/41 MP: 5/5
  1088 | D:2      | Reached XP level 6. HP: 13/47 MP: 6/6
  1152 | D:2      | Noticed an ice beast
  1343 | D:2      | Noticed Terence
  1361 | D:2      | Killed Terence
  1441 | D:2      | Killed an ice beast
  1442 | D:2      | Reached skill level 8 in Shields
  1557 | D:2      | Noticed Robin
  1580 | D:2      | Killed Robin
  1847 | D:2      | Reached XP level 7. HP: 47/52 MP: 7/7
  1953 | D:2      | Reached skill level 9 in Shields
  1976 | D:2      | Splashed by a jelly's acid

Illustrated notes

Levels and vault maps discovered:
D:1:      dpeg_arrival_court, layout_basic
D:2:      cheibrodos_fertilizer, layout_loops_ring, uniq_terence, uniq_sigmund,
          uniq_robin

Skill      XL: |  1  2  3  4  5  6  7 |
---------------+----------------------+-----
Shields        | 4 5 7 8 9 |  9.1
Fighting       | |  3.2
Long Blades    | |  2.0
Armour         | |  3.2

Action                   |  1- 3 |  4- 6 |  7- 9 || total
-------------------------+-------+-------+-------++-------
Melee: Long sword        |   113 |   102 |    49 ||   264
Armor: Scale mail        |    55 |    39 |     8 ||   102
Dodge: Dodged            |    35 |    33 |     6 ||    74
Block: Kite shield       |    62 |    16 |       ||    78
       Tower shield      |       |    81 |    42 ||   123
       Rpst.: Long sword |    11 |    10 |     2 ||    23
